 Dungeon Crawl Stone Soup version 0.26.0-20-g3ca415f5b8 (webtiles) character file.

Game seed: 8931132540837555451

4678 Gauvater the Arsonist (level 10, 0/61 HPs)
             Began as an Octopode Fire Elementalist on Jan 25, 2021.
             Was a Priest of Vehumet.
             Slain by an unseen horror (11 damage)
             ... on level 9 of the Dungeon.
             The game lasted 01:27:31 (15982 turns).

Gauvater the Arsonist (Octopode Fire Elementalist) Turns: 15982, Time: 01:27:32

Health: 0/61       AC:  1    Str:  8    XL:     10   Next: 44%
Magic:  21/21      EV: 21    Int: 21    God:    Vehumet [***...]
Gold:   604        SH:  0    Dex: 12    Spells: 12/24 levels left

rFire    . . .     SeeInvis .   J - +7 trident (venom)
rCold    . . .     Faith    .   (no shield)
rNeg     . . .     Spirit   .   (helmet restricted)
rPois    .         Reflect  .   (no amulet)
rElec    .         Harm     .   r - ring of willpower
rCorr    .         Rampage  .   s - +4 ring of evasion
Will     +....                  L - +4 ring of evasion
Stlth    +++.......             (no ring)
HPRegen  0.20/turn              (no ring)
MPRegen  0.17/turn              (no ring)
                                (no ring)
                                (no ring)

@: about to teleport
A: almost no armour, stealthy swim, amphibious, 8 rings, constrict 8, camouflage
1, gelatinous body 1
a: Renounce Religion


You were on level 9 of the Dungeon.
You worshipped Vehumet.
Vehumet was most pleased with you.
You visited 2 branches of the dungeon, and saw 10 of its levels.
You also visited: Ossuary.

You collected 604 gold pieces.

Inventory:

Hand Weapons
 l - a +3 dagger
 o - a +2 dagger of draining
 I - a +4 spear
 J - a +7 trident of venom (weapon)
 K - a +5 battleaxe of freezing
Missiles
 d - 47 sling bullets
 e - 36 poisoned darts
 f - 234 stones (quivered)
 i - 113 bolts
 p - 91 arrows
Jewellery
 r - a ring of willpower (left tentacle)
 s - a +4 ring of evasion (right tentacle)
 H - an uncursed amulet of guardian spirit {unknown}
 L - a +4 ring of evasion (on tentacle)
Wands
 k - a wand of digging (6)
 w - a wand of polymorph (10)
 B - a wand of iceblast (17)
 G - a wand of random effects (38)
 O - a wand of enslavement (12)
Scrolls
 a - 2 scrolls of fear
 c - 3 scrolls of remove curse
 g - 2 scrolls of immolation
 m - 2 scrolls of teleportation
 u - 3 scrolls of enchant armour
 y - 2 scrolls of noise {unknown}
 z - 2 scrolls of enchant weapon
 D - a scroll of amnesia {unknown}
 E - a scroll of holy word {unknown}
 M - a scroll of summoning
Potions
 b - 2 potions of attraction {unknown}
 h - 2 potions of brilliance
 j - 2 potions of berserk rage
 n - a potion of might {unknown}
 q - a potion of mutation
 t - 2 potions of cancellation
 v - a potion of invisibility {unknown}
 x - a potion of magic {unknown}
 A - 2 potions of heal wounds
 C - 4 potions of curing
 F - a potion of flight {unknown}
 N - a potion of resistance


   Skills:
 + Level 2.5 Fighting
 + Level 2.9 Short Blades
 + Level 1.5 Polearms
 - Level 2.7 Throwing
 - Level 2.0 Dodging
 - Level 2.9 Stealth
 + Level 7.8 Spellcasting
 + Level 7.2 Conjurations
 + Level 0.9 Transmutations
 + Level 8.5 Fire Magic
 + Level 0.3 Earth Magic
 * Level 3.1 Evocations


You had 12 spell levels left.
You knew the following spells:

 Your Spells              Type           Power        Failure   Level
a - Foxfire               Conj/Fire      100%         1%          1
b - Conjure Flame         Conj/Fire      41%          1%          3
c - Fireball              Conj/Fire      20%          2%          5
d - Magic Dart            Conj           100%         1%          1
e - Passwall              Tmut/Erth      8%           10%         2

Your spell library contained the following spells:

 Spells                   Type           Power        Failure   Level
 Static Discharge         Conj/Air       23%          1%          3
 Sandblast                Erth           18%          1%          1
 Inner Flame              Hex/Fire       26%          1%          3
 Stone Arrow              Conj/Erth      46%          1%          3
 Sticky Flame             Conj/Fire      41%          1%          4
 Lee's Rapid Deconstruct  Erth           4%           43%         5
 Petrify                  Tmut/Erth      10%          52%         4


Dungeon Overview and Level Annotations

Branches:
Dungeon (9/15)             Temple (1/1) D:4         Ossuary (visited)
   Lair: D:8-11         Orc: D:9-12

Altars:
Ashenzari
Cheibriados
Dithmenos
Elyvilon
Fedhas
Gozag
Hepliaklqana
Kikubaaqudgha
Makhleb
Nemelex Xobeh
Qazlal
Ru
Sif Muna
Uskayaw
Vehumet
Wu Jian
Xom
Zin
Jiyva

Annotations:
D:7 1 runed translucent door
D:9 3 runed translucent doors, kthxbai's ghost, journeyman FoAK


Innate Abilities, Weirdness & Mutations

You cannot wear most types of armour.
You are very stealthy in the water. (Stealth+)
You are amphibious.
You can wear up to eight rings at the same time.
You can use your tentacles to constrict eight enemies at once.
Your skin changes colour to match your surroundings (Stealth+).
Your rubbery body absorbs attacks. (AC +1, EV +1)


Message History

There is an open door here.
Something barely misses you.
You close the door.
Something closely misses you. Something hits you but does no damage.
Something hits you. x2
Something misses you. Something hits you. Something completely misses you.
Something hits you. Something hits you!
* * * LOW HITPOINT WARNING * * *
Something hits you!
* * * LOW HITPOINT WARNING * * *
You feel much better. Something hits you. Something hits you!
* * * LOW HITPOINT WARNING * * *
As you read the scroll of teleportation, it crumbles to dust.
You feel strangely unstable. Something hits you.
* * * LOW HITPOINT WARNING * * *
Something hits you!
You die...

##o######.#######.
## #..........
##.........
#.######## #.# #.#
#.# #.# ##########
#@#
#........######.#
##.###...........#
.............#####
##.###.......#
#...##..###..#######
........# #.........
#.<.###.###.########
##.## #.....#


There were no monsters in sight!

Vanquished Creatures
  A two-headed ogre (D:8)
  A vampire (D:7)
  Menkaure (D:6)
  A water moccasin (D:8)
  Duvessa (D:7)
  4 orc warriors
  A sky beast (D:6)
  A black bear (D:6)
  A phantom (D:6)
  4 ogres
  4 bullfrogs
  3 elf zombies (Ossuary)
  Dowan (D:7)
  2 scorpions
  22 wights
  3 jellies
  A bullfrog zombie (D:9)
  2 human zombies (Ossuary)
  2 hounds
  3 orc priests
  2 iguanas (D:8)
  6 orc wizards
  3 worker ants
  A big kobold zombie (Ossuary)
  A hound zombie (Ossuary)
  3 mummies (Ossuary)
  4 gnolls
  11 adders
  A shadow imp (D:8)
  4 white imps
  An ooze (D:5)
  2 adder zombies (Ossuary)
  2 adder skeletons
  5 worms
  4 dart slugs
  3 leopard geckos
  21 orcs
  3 ball pythons
  11 giant cockroaches
  A gnoll zombie (Ossuary)
  10 goblins
  9 hobgoblins
  9 jackals
  6 kobolds
  5 quokkas
  10 bats
  2 frilled lizards
  2 goblin zombies (Ossuary)
  4 hobgoblin zombies (Ossuary)
  3 jackal zombies (Ossuary)
  3 kobold zombies (Ossuary)
  2 orc zombies (Ossuary)
  A quokka skeleton (D:6)
  5 quokka zombies (Ossuary)
  9 rats
  6 rat zombies (Ossuary)
234 creatures vanquished.

Vanquished Creatures (others)
  A wight (D:8)
  789 foxfires
790 creatures vanquished.

Grand Total: 1024 creatures vanquished

Notes
Turn   | Place    | Note
-------+----------+-------------------------------------------
     0 | D:1      | Gauvater the Octopode Fire Elementalist began the quest for
                  | the Orb.
     0 | D:1      | Reached XP level 1. HP: 11/11 MP: 3/3
   228 | D:1      | Reached XP level 2. HP: 17/17 MP: 3/5
   447 | D:1      | Reached XP level 3. HP: 21/21 MP: 2/6
   576 | D:1      | Reached skill level 4 in Fire Magic
  1071 | D:2      | Reached XP level 4. HP: 7/27 MP: 2/7
  1802 | D:2      | Found a sparkling altar of Nemelex Xobeh.
  2140 | D:2      | Found an ornate altar of the Wu Jian Council.
  2239 | D:2      | Reached XP level 5. HP: 28/31 MP: 5/9
  2295 | D:3      | Reached skill level 1 in Short Blades
  2471 | D:3      | Found a sacrificial altar of Ru.
  3198 | D:3      | Reached XP level 6. HP: 36/36 MP: 4/11
  3309 | D:3      | Found a broken altar of Ashenzari.
  3493 | D:4      | Found a staircase to the Ecumenical Temple.
  3498 | Temple   | Entered the Ecumenical Temple
  3612 | Temple   | Became a worshipper of Vehumet
  3957 | D:4      | Reached skill level 5 in Fire Magic
  4082 | D:4      | Learned a level 3 spell: Conjure Flame
  4699 | D:5      | Entered Level 5 of the Dungeon
  5352 | D:5      | Found a sparkling altar of Nemelex Xobeh.
  5516 | D:5      | Reached XP level 7. HP: 17/41 MP: 10/13
  5704 | D:5      | Found a white marble altar of Elyvilon.
  6693 | D:5      | Found an opulent altar of Gozag.
  6696 | D:5      | Found a glowing silver altar of Zin.
  7016 | D:6      | Found a sand-covered staircase.
  7072 | D:6      | Reached skill level 5 in Spellcasting
  7200 | Ossuary  | Entered an ossuary
  7337 | Ossuary  | Reached * piety under Vehumet
  7337 | Ossuary  | Offered knowledge of Freeze by Vehumet.
  7338 | Ossuary  | Reached XP level 8. HP: 47/47 MP: 10/15
  7659 | Ossuary  | Reached skill level 6 in Fire Magic
  8804 | D:6      | Reached ** piety under Vehumet
  8809 | D:6      | Reached skill level 1 in Fighting
  8964 | D:6      | Offered knowledge of Magic Dart by Vehumet.
  9019 | D:6      | Learned a level 5 spell: Fireball
  9048 | D:6      | Found a hide-covered altar of Uskayaw.
  9220 | D:6      | Noticed Menkaure
  9234 | D:6      | Killed Menkaure
  9235 | D:6      | Reached skill level 5 in Conjurations
  9579 | D:6      | Reached XP level 9. HP: 48/53 MP: 13/18
  9632 | D:6      | Reached skill level 1 in Throwing
  9765 | D:6      | Found a burning altar of Makhleb.
 10520 | D:7      | Noticed Dowan
 10523 | D:7      | Noticed Duvessa
 10561 | D:7      | Killed Duvessa
 10562 | D:7      | Reached skill level 7 in Fire Magic
 10564 | D:7      | Killed Dowan
 10731 | D:6      | Learned a level 1 spell: Magic Dart
 10734 | D:6      | Learned a level 2 spell: Passwall
 11471 | D:7      | Found a shadowy altar of Dithmenos.
 11587 | D:7      | Found a runed translucent door.
 11589 | D:7      | Noticed a sixfirhy
 12033 | D:8      | Noticed a two-headed ogre
 12715 | D:8      | Reached skill level 1 in Evocations
 13442 | D:8      | Found a hide-covered altar of Uskayaw.
 13477 | D:8      | Identified the +1 robe "Mulaeh" {rC+}
 13671 | D:8      | Killed a two-headed ogre
 13672 | D:8      | Reached skill level 8 in Fire Magic
 13672 | D:8      | Reached XP level 10. HP: 60/60 MP: 19/21
 13889 | D:8      | Offered knowledge of Static Discharge by Vehumet.
 14177 | D:8      | Found a white marble altar of Elyvilon.
 14250 | D:8      | Reached skill level 1 in Polearms
 15534 | D:9      | Reached *** piety under Vehumet
 15902 | D:9      | Found a hazy altar of Hepliaklqana.
 15903 | D:9      | Found a shimmering altar of Xom.
 15903 | D:9      | Noticed a spectral ugly thing
 15904 | D:9      | Noticed a tentacled monstrosity
 15915 | D:9      | Noticed kthxbai's ghost (journeyman FoAK)
 15916 | D:9      | Found a runed translucent gate.
 15916 | D:9      | Found a runed translucent gate.
 15916 | D:9      | Found a runed translucent gate.
 15916 | D:9      | Identified the +10 whip of the Heavens {elec, rC+ MP+9
                  | Int-2}
 15916 | D:9      | Identified the ring of Ajaeqy {rF+ rCorr Str-3 Dex+3}
 15916 | D:9      | Noticed a kobold demonologist
 15982 | D:9      | Slain by an unseen horror

Illustrated notes

Levels and vault maps discovered:
D:1:      eino_arrival_cavern_c, layout_basic
D:2:      layout_basic, lemuel_crystal_altar, nemelex_spade_bored_becter
D:3:      minmay_wonky_spiral, layout_basic, lemuel_doored_altar,
          nicolae_ru_great_annihilating_truth
D:4:      layout_layer_cave, minmay_temple_entry_nine_rooms
D:5:      layout_gridville, grunt_temple_overflow_gold_and_silver,
          chequers_temple_overflow_statue_of_worship,
          nicolae_overflow_hidden_temple
D:6:      layout_loops_ring, marbit_many_paths, chequers_ossuary_entry_cave,
          basic_altar, solitary_fountain, uniq_menkaure
D:7:      cheibrodos_shockbox, layout_basic, nicolae_dithmenos_shadow_blocks,
          uniq_duvessa
D:8:      layout_basic, eat_drink_and_be_merry_uskayaw, elyvilon_altar_5
D:9:      layout_loops_ring, regret_index_temple_of_mockery,
          gammafunk_ghost_nasty_kobolds
Temple:   pf_slime_end_temple

Skill      XL: |  1  2  3  4  5  6  7  8  9 10 |
---------------+-------------------------------+-----
Fire Magic     | 4 5 6 8 |  8.5
Short Blades   | 1 2 |  2.9
Spellcasting   | 3 4 5 6 7 |  7.8
Conjurations   | 2 4 5 7 |  7.2
Fighting       | 1 2 |  2.5
Throwing       | 2 |  2.7
Evocations     | 2 3 |  3.1
Polearms       | 1 |  1.5
Dodging        | |  2.0
Stealth        | |  2.9
Transmutations | |  0.9
Earth Magic    | |  0.3

Action                   |  1- 3 |  4- 6 |  7- 9 | 10-12 || total
-------------------------+-------+-------+-------+-------++-------
Melee: Constrict         |     6 |    16 |    27 |     7 ||    56
       Tentacles         |     2 |     9 |    23 |     6 ||    40
       Unarmed           |     1 |       |       |       ||     1
       Dagger            |     8 |    44 |    80 |       ||   132
       Spear             |       |       |    21 |       ||    21
       Trident           |       |       |    55 |    45 ||   100
Throw: Dart              |       |     2 |    20 |     5 ||    27
       Stone             |       |       |    36 |       ||    36
 Cast: Foxfire           |    48 |   148 |   195 |    56 ||   447
       Conjure Flame     |       |       |    45 |     7 ||    52
       Passwall          |       |       |     1 |       ||     1
       Fireball          |       |       |       |     3 ||     3
Evoke: Wand              |       |       |     1 |       ||     1
  Use: Scroll            |       |     6 |    17 |     4 ||    27
       Potion            |       |       |       |     3 ||     3
 Stab: Sleeping          |       |     4 |     5 |       ||     9
Armor: Skin              |     1 |     2 |     3 |     2 ||     8
Dodge: Dodged            |    17 |    55 |    70 |    68 ||   210
